Unix NetHack Version 3.7.0-86 Work-in-progress - last build May 30 2023 01:50:43 (cc98dc9aa62a9957b082a042edf5bd7ec9f632c7,branch:master). Game began 2023-06-03 06:52:15, ended 2023-06-03 08:19:25. Boxo, chaotic female elven Wizard ---- --- --- --- ---..| --.---- --.--- ---.-- |....------ |.....-- |....| ---|....| ---- |.........---- -.....| --...| -- --.--....-- |..-- |...^.---....------..--.---- --..| --.----.....|...| |...| ------.....--..........--|....-- |..-- |.........----..| -.- -..................----- ---...| |...-- --...---..| ---- |.| ------........--.| |...| |.|..-- ---.| ---- ----.| --.....---|.| |..-- |.|-(.-- ---.-- --^...| -..|.-- |.---- -----.| |.|--..| --...-- --- --..---- ..----- |....|--.|.).--- |.| --.| |.....| ---.-- |..-| . ----.--.^....(.| --.| |.----.-...| -#....----...---- |...)0..))*.*--|..|# #a@........###..#............-- -- ---........)....||.-# #------.....|...---............-- |................-.#-.# --.........---.............| --...........).....%).| ----.........................-- -................|...| |......>.......-.-----..|....| |................---..| |.................| -----..-- |........----.---- ---- -----.--.....---..| |..-- --.------- --- ---------- ---- ---- -- Boxo the Thaumaturge St:10 Dx:18 Co:14 In:18 Wi:8 Ch:10 Chaotic S:3432 Dlvl:6 $:592 HP:0(32) Pw:54(62) AC:9 Xp:6/620 T:3496 Deaf Latest messages: With great effort you move the boulder. You see here 9 rocks. You see here 9 rocks. The hobbit wields a spear! You see here a tin opener. There are several objects here. i - a dwarvish iron helm. j - a pair of hard shoes. k - a dwarvish cloak. The hobbit picks up a broad short sword. You see here a pick-axe. n - a pick-axe. What do you want to drop? [$a-ce-ntyB-EM or ?*] You drop a pick-axe. The hobbit throws a spear! You are hit by a spear! In what direction? The spell hits the hobbit! You kill the hobbit! t - a dagger (at the ready) (11 in total). o - a scroll labeled KERNOD WEL. You see here a pick-axe. You see here a spear. You see here a pair of hard shoes. R - a pair of hard shoes. There is a staircase up to level 6 here. You see here an arrow. You sense the presence of monsters. (For instructions type a '?') Done. You sense the presence of monsters. (For instructions type a '?') There is a staircase up to level 6 here. You see here an arrow. You climb up the stairs. What do you want to use or apply? [clyB-D or ?*] Improvise? [ynq] (q) You start playing your tooled horn named <<. You blow into the horn. The soldier ant bites! The soldier ant stings! What do you want to use or apply? [clyB-D or ?*] Improvise? [ynq] (q) You start playing your tooled horn named <<. You blow into the horn. The soldier ant turns to flee. The soldier ant bites! The soldier ant stings! You die... Do you want your possessions identified? [ynq] (y) Inventory: Coins $ - 592 gold pieces Rings e - an uncursed ring of slow digestion named << (on right hand) Armor i - a cursed -1 dwarvish iron helm j - an uncursed +0 pair of iron shoes R - an uncursed +0 pair of iron shoes E - an uncursed +0 cloak of magic resistance (being worn) k - an uncursed +1 dwarvish cloak Weapons h - 10 +0 darts b - 3 rustproof +0 daggers m - a +5 dagger t - 11 +0 daggers (at the ready) a - a cursed +0 dagger M - a blessed +2 elven dagger f - a +0 elven dagger Tools y - an uncursed tooled horn named << l - an uncursed magic lamp named <<<< (lit) Scrolls o - an uncursed scroll of teleportation Wands c - a wand of digging (0:5) B - a wand of nothing named 1 (0:6) D - a wand of slow monster named 1 (0:5) C - a wand of striking named 1 (0:7) Gems/Stones g - an uncursed worthless piece of white glass Boxo the Wizard's attributes: Background: You were a Thaumaturge, a level 6 female elven Wizard. You were chaotic, nominally on a mission for Anhur who was opposed by Ptah (lawful) and Thoth (neutral). You were in the Gnomish Mines, on level 6. You entered the dungeon 3496 turns ago. There was a full moon in effect when your adventure ended. You had 620 experience points, 20 more were needed to attain level 7. Your score was 3432 before end-of-game adjustments. Basics: You had 0 out of 32 hit points. You had 54 out of 62 energy points (spell power). Your armor class was 9. Your wallet contained 592 zorkmids. Autopickup was on for '$"?!=/' plus thrown, with exceptions. Final Characteristics: Your strength was 10 (limit:18). Your dexterity was 18 (limit:18). Your constitution was 14 (limit:16). Your intelligence was 18 (limit:20). Your wisdom was 8 (limit:20). Your charisma was 10 (limit:18). Final Status: You were deaf. You were not hungry. You were unencumbered. You were bare handed. You had basic skill with bare handed combat. Final Attributes: You were piously aligned. You were magic-protected. You were sleep resistant. You had infravision. You had slower digestion. You were warded. You were lucky. You are dead. Miscellaneous: You disabled loading of bones levels. Total elapsed playing time was 1 hour, 24 minutes and 17 seconds. Major events: Turn 1: Boxo the chaotic female elven Wizard entered the dungeon 254: declined to make a wish 775: attained the rank of Conjurer (level 3) 977: entered the Gnomish Mines 2270: attained the rank of Thaumaturge (level 6) 3037: reached Mine Town 3496: killed by a soldier ant Vanquished creatures: a yellow light 6 gnome leaders 3 elf zombies a ghoul a little dog a floating eye 10 dwarves 2 rothes a rabid rat a giant bat an iguana 3 acid blobs 4 hobbits 2 cave spiders 3 yellow molds 35 gnomes 2 garter snakes 2 geckos 4 jackals a fox 2 kobolds 2 goblins 2 sewer rats a grid bug 4 lichens 5 newts 100 creatures vanquished. No species were genocided or became extinct. Voluntary challenges: You were deaf from birth. You went without food. You were an atheist. You never hit with a wielded weapon. You were illiterate. You never engraved Elbereth. You never had a pet. You never genocided any monsters. You never polymorphed an object. You never changed form. You used no wishes. Achievements: You attained the rank of Conjurer. You entered the Gnomish Mines. You entered a shop. You attained the rank of Thaumaturge. You entered Minetown. You entered a temple. The Dungeons of Doom: levels 1 to 4 Level 1: Level 2: A fountain, a grave. Level 3: A scroll shop, a fountain. Stairs down to The Gnomish Mines. Level 4: A fountain. The Gnomish Mines: levels 4 to 8 Level 4: Level 5: Level 6: <- You were here. Final resting place for you, killed by a soldier ant. Level 7: Many shops, a temple to Anhur, some fountains, some trees. Level 8: Game over: ---------- / \ / REST \ / IN \ / PEACE \ / \ | Boxo | | 592 Au | | killed by a | | soldier ant | | | | | | 2023 | *| * * * | * _________)/\\_//(\/(/\)/\//\/|_)_______ Goodbye Boxo the Wizard... You died in The Gnomish Mines on dungeon level 6 with 3373 points, and 592 pieces of gold, after 3496 moves. You were level 6 with a maximum of 32 hit points when you died.